 Dungeon Crawl Stone Soup version 0.27.1-16-g815e20cd7a (webtiles) character file.

Game seed: 528555127597470611

12 MisterFreud the Skirmisher (level 2, -1/28 HPs)
             Began as a Minotaur Abyssal Knight on Nov 21, 2021.
             Was a Follower of Lugonu.
             Slain by Menkaure (17 damage)
             ... on level 4 of the Dungeon.
             The game lasted 00:00:43 (614 turns).

MisterFreud the Skirmisher (Minotaur Abyssal Knight) Turns: 614, Time: 00:00:43

Health: -1/28      AC:  3    Str: 16    XL:     2   Next: 20%
Magic:  2/2        EV: 11    Int:  9    God:    Lugonu [*.....]
Gold:   20         SH:  0    Dex:  9    Spells: 1/1 levels left

rFire    . . .     SeeInvis .   a - +1 falchion
rCold    . . .     Faith    .   (no shield)
rNeg     . . .     Spirit   .   b - +0 leather armour
rPois    .         Reflect  .   (helmet restricted)
rElec    .         Harm     .   (no cloak)
rCorr    .         Rampage  .   (no gloves)
Will     .....                  (no boots)
Stlth    +.........             (no amulet)
HPRegen  0.09/turn              (no ring)
MPRegen  0.08/turn              (no ring)

@: no status effects
A: horns 2, retaliatory headbutt
a: Renounce Religion, Depart the Abyss


You were on level 4 of the Dungeon.
You worshipped Lugonu.
Lugonu was aware of your devotion.
You visited 1 branch of the dungeon, and saw 3 of its levels.
You visited the Abyss 1 time.

You collected 20 gold pieces.

Inventory:

Hand Weapons
 a - a +1 falchion (weapon)
Armour
 b - a +0 leather armour (worn)
Jewellery
 c - an amulet of reflection
Scrolls
 e - a scroll of teleportation {unknown}
Potions
 d - a potion of flight {unknown}


   Skills:
 * Level 4.5 Fighting
 - Level 2.4 Long Blades
 - Level 2.4 Armour
 - Level 1.1 Dodging
 - Level 1.7 Invocations


You had one spell level left.
You didn't know any spells.
Your spell library was empty.

Dungeon Overview and Level Annotations

Branches:
Dungeon (2/15)

Altars:

Annotations:
D:4 Menkaure


Innate Abilities, Weirdness & Mutations

You have a pair of horns on your head.
You reflexively headbutt those who attack you in melee.


Message History

You climb downwards.
Found a stone staircase leading down.
There is a stone staircase leading up here.
There's nothing to open nearby.
Found 8 gold pieces.
A frilled lizard comes into view.
The frilled lizard hisses angrily.
A frilled lizard is nearby!
The frilled lizard bites you but does no damage.
A frilled lizard is nearby!
You slash the frilled lizard!
You kill the frilled lizard!
Lugonu accepts your kill.
No target in view!
You now have 9 gold pieces (gained 8).
You open the door.
There is an open door here.
Found a scroll labelled NEDYGE TINO.
You now have 20 gold pieces (gained 11).
You fall into a shaft and drop 2 floors!
The shaft crumbles and collapses.
A ball python and Menkaure come into view.
Menkaure shouts!
The ball python hisses angrily.
Found 23 arrows.
There are monsters nearby!
You hit the ball python.
You kill the ball python!
Lugonu accepts your kill.
Menkaure calls on the powers of darkness!
Your body is wracked with pain!
Menkaure closely misses you.
You hit Menkaure.
Menkaure is lightly damaged.
Menkaure mumbles some strange words.
Menkaure seems to speed up.
You hit Menkaure.
Menkaure is moderately damaged.
Menkaure hits you!
Ouch! That really hurt!
You die...

..#...... .
#.......# .#
#.......##.####.
........(...#..
..............
#............
###.M.........
##...@.........
#.....#..........
#.##......†......
............##..
##........###
##.....#..
#.....#...
#..........#
..........##


You could see Menkaure (fast).

Vanquished Creatures
  A bat (D:1)
  2 endoplasms (D:1)
  2 giant cockroaches (D:1)
  A hobgoblin (D:1)
  A ball python (D:4)
  A frilled lizard (D:2)
  4 rats (D:1)
12 creatures vanquished.

Notes
Turn   | Place    | Note
-------+----------+-------------------------------------------
     0 | Abyss:1  | MisterFreud the Minotaur Abyssal Knight began the quest for
                  | the Orb.
     0 | Abyss:1  | Reached XP level 1. HP: 19/19 MP: 1/1
    62 | Abyss:1  | Found a corrupted altar of Lugonu.
    92 | Abyss:1  | Noticed a quasit
    93 | D:1      | Escaped the Abyss
   327 | D:1      | Reached skill level 4 in Fighting
   423 | D:1      | Reached XP level 2. HP: 28/28 MP: 2/2
   441 | D:1      | Reached * piety under Lugonu
   609 | D:2      | You fall into a shaft and drop 2 floors!
   609 | D:4      | Noticed Menkaure
   614 | D:4      | Slain by Menkaure

Illustrated notes

Levels and vault maps discovered:
D:1:      saegor_arrival_simple_a, layout_rooms
D:2:      layout_loops_corners
D:4:      layout_cave_pools, mainiacjoe_overflow_cross_hatched,
          grunt_decor_resistance, st_stairs_3, kennysheep_generic_room_12,
          uniq_menkaure

Skill      XL: |  1 |
---------------+----+-----
Fighting       | 4 |  4.5
Long Blades    | |  2.4
Armour         | |  2.4
Dodging        | |  1.1
Invocations    | |  1.7

Action                   || total
-------------------------++-------
Melee: Falchion          ||    27
       Headbutt          ||     3
Invok: Depart the Abyss  ||     1
Armor: Leather armour    ||    10
Dodge: Dodged            ||    14
       Rpst.: Falchion   ||     2
